 Dungeon Crawl Stone Soup version 0.24-a0-613-g1ff6aac338 (console) character file.

Game seed: 3130749279721380179, levelgen mode: deterministic

3 Hempel the Grave Robber (level 1, -1/13 HPs)
             Began as a Vampire Necromancer on Sept 12, 2019.
             Slain by a leopard gecko (2 damage)
             ... on level 1 of the Dungeon.
             The game lasted 00:01:49 (102 turns).

Hempel the Grave Robber (Vampire Necromancer)        Turns: 102, Time: 00:01:50

Health: -1/13      AC:  2    Str:  7    XL:     1   Next: 41%
Magic:  3/3        EV: 12    Int: 17    God:
Gold:   8          SH:  0    Dex: 14    Spells: 3/4 levels left

rFire    . . .     SeeInvis +   (no weapon)
rCold    . . .     Gourm    .   (no shield)
rNeg     . . .     Faith    .   a - +0 robe
rPois    .         Spirit   .   (no helmet)
rElec    .         Reflect  .   (no cloak)
rCorr    .         Harm     .   (no gloves)
MR       .....                  (no boots)
Stlth    ++........             (no amulet)
HPRegen  0.24/turn              (no ring)
MPRegen  0.08/turn              (no ring)

@: regenerating quickly
A: no food, fangs 3, see invisible, unbreathing
a: Exsanguinate


You were on level 1 of the Dungeon.
You were alive.

You visited 1 branch of the dungeon, and saw 1 of its levels.

You collected 8 gold pieces.

Inventory:

Armour
 a - a +0 robe (worn)
Scrolls
 b - a scroll of immolation {unknown}


   Skills:
 + Level 2.1 Dodging
 + Level 3.0 Stealth
 + Level 2.0 Spellcasting
 + Level 4.6 Necromancy


You had 3 spell levels left.
You knew the following spells:

 Your Spells              Type           Power        Failure   Level  Hunger
a - Pain                  Necr           ###.         3%          1    N/A

Your spell library contained the following spells:

 Spells                   Type           Power        Failure   Level  Hunger
 Animate Skeleton         Necr           N/A          3%          1    N/A
 Vampiric Draining        Necr           ###.......   9%          3    N/A
 Regeneration             Chrm/Necr      #.........   22%         3    N/A
 Animate Dead             Necr           N/A          28%         4    N/A

Dungeon Overview and Level Annotations

Branches:
Dungeon (1/15)

Altars:


Innate Abilities, Weirdness & Mutations

You do not eat.
Your natural rate of healing is unusually fast.
You have razor-sharp teeth.
You have supernaturally acute eyesight. (SInv)
You can survive without breathing.


Message History

No target in view!
Things that are here:
a +0 club; a goblin corpse
Found 12 arrows.
Found a ration.
A frilled lizard comes into view.
A frilled lizard is nearby!
You closely miss the frilled lizard. You closely miss the frilled lizard.
The frilled lizard bites you but does no damage.
You closely miss the frilled lizard. Your bite misses the frilled lizard.
The frilled lizard hisses.
The frilled lizard closely misses you.
You miss the frilled lizard.
The frilled lizard bites you but does no damage.
Your magical contamination has completely faded away.
You hit the frilled lizard.
You kill the frilled lizard!
Found 8 gold pieces.
You now have 8 gold pieces.
Found a stone staircase leading down.
Found a scroll labeled VIUTWY GUECUE.
b - a scroll labeled VIUTWY GUECUE A leopard gecko comes into view.
Found 16 stones.
A kobold comes into view. It is wielding a +0 club.
The kobold shouts!
You miss the leopard gecko.
You bite the leopard gecko, but do no damage.
The leopard gecko closely misses you.
You miss the leopard gecko. The leopard gecko bites you.
You closely miss the leopard gecko. The leopard gecko bites you.
* * * LOW HITPOINT WARNING * * *
You are too injured to fight recklessly!
You are too injured to fight recklessly!
You are too injured to fight recklessly!
You are too injured to fight recklessly!
The leopard gecko misses you. The leopard gecko bites you.
* * * LOW HITPOINT WARNING * * *
The leopard gecko closely misses you. The kobold closely misses you.
The leopard gecko misses you.
The leopard gecko bites you but does no damage.
The leopard gecko barely misses you.
You closely miss the leopard gecko. The leopard gecko bites you.
* * * LOW HITPOINT WARNING * * *
You hit the leopard gecko.
The leopard gecko bites you but does no damage.
You hit the leopard gecko. The leopard gecko bites you.
You die...

........# ........#
........### .# ......... .
.# ........# #..#
........####.####
................##
..............(..#
........#.....#.@#
.....).##.######l#
.....†..8.....8.K## .#....#
###.#...#.....#...# .......
##..#...#..<..#...# ..#..#
...#....#.....#...# .....
........8.....8...# ...##..
..###..######.##..###.....(
######..#.....#...>....#..#.


You could see a leopard gecko and a kobold.

Vanquished Creatures
  A goblin (D:1)
  A kobold (D:1)
  A frilled lizard (D:1)
3 creatures vanquished.

Notes
Turn   | Place    | Note
-------+----------+-------------------------------------------
     0 | D:1      | Hempel the Vampire Necromancer began the quest for the Orb.
     0 | D:1      | Reached XP level 1. HP: 13/13 MP: 3/3
   102 | D:1      | Slain by a leopard gecko

Levels and vault maps discovered:
D:1:      scummos_arrival_simple_crosswalls, layout_rooms,
          minmay_misc_feat_pillars, minmay_misc_feat_more_columns,
          minmay_stone_trees_small

Action                   || total
-------------------------++-------
Melee: Unarmed           ||    24
       Bite              ||     2
Armor: Robe              ||     5
Dodge: Dodged            ||    18

Table legend:
 A = Non-vault XP
 B = Vault XP
 C = Vault XP percentage of total XP
 D = Non-vault monster count
 E = Vault monster count
 F = Vault count percentage of total count
                 A         B        C        D         E       F
            +---------+---------+-------+---------+---------+-------
      Total |       5 |       0 |   0.0 |       3 |       0 |   0.0
            +---------+---------+-------+---------+---------+-------
        D:1 |       5 |       0 |   0.0 |       3 |       0 |   0.0
            +---------+---------+-------+---------+---------+-------
